 Dungeon Crawl Stone Soup version 0.19-a0-435-g9f673c4 (webtiles) character file.

202326 AlphabetPasta the Unseen (level 18, -2/107 HPs)
             Began as a Vampire Fire Elementalist on May 30, 2016.
             Was the Champion of Vehumet.
             Slain by a guardian serpent (5 damage)
             ... on level 4 of the Snake Pit on May 31, 2016.
             The game lasted 05:59:04 (55949 turns).

AlphabetPasta the Unseen (VpFE)                    Turns: 55949, Time: 05:59:04

Health: -2/107     AC: 21    Str: 12    XL:     18   Next: 32%
Magic:  30/58      EV: 18    Int: 27    God:    Vehumet [******]
Gold:   3255       SH: 10    Dex: 19    Spells: 11 memorised, 6 levels left

rFire  . . .     SeeInvis +     I - staff of power
rCold  + + .     Gourm    .     e - +4 leather armour of the Bells {rElec}
rNeg   + + +     Faith    .     a - +0 buckler
rPois  +         Spirit   .     m - +0 helmet of Merchawis {Str+5 Stlth+}
rElec  +         Dismiss  .     y - +2 cloak
rCorr  .         Reflect  +     h - +2 pair of gloves
SustAt .         Harm     .     Z - +2 pair of boots {Fly}
MR     +....                    M - +4 amulet of reflection
Stlth  +++++++++.               b - ring of magical power
                                R - ring "Jucru" {+Fly EV+3 Int+3 Dex+3}

@: flying, very slightly contaminated, regenerating slowly, hasted and slowed,
studying Stealth, repel missiles, somewhat resistant to hostile enchantments,
incredibly stealthy
A: fangs 3, icy blue scales 1, slimy green scales 1, see invisible, unbreathing
a: Bat Form, Renounce Religion, Stop Flying


You were on level 4 of the Snake Pit.
You worshipped Vehumet.
Vehumet was exalted by your worship.
You were near bloodless.

You visited 6 branches of the dungeon, and saw 34 of its levels.
You also visited: Labyrinth, Sewer, Ice Cave and Volcano.

You collected 3349 gold pieces.
You spent 94 gold pieces at shops.

Inventory:

Hand Weapons
 n - a +3 short sword of speed
 u - a +1 dagger of electrocution
Armour
 a - a +0 buckler (worn)
 e - the +4 leather armour of the Bells (worn) {rElec}
   (You found it on level 7 of the Dungeon)

   It insulates you from electricity.
 h - a +2 pair of gloves (worn)
 m - the +0 helmet of Merchawis (worn) {Str+5 Stlth+}
   (You took it off Robin on level 2 of the Dungeon)

   It affects your strength (+5).
   It makes you more stealthy.
 p - a +1 robe of fire resistance
 y - a +2 cloak (worn)
 Z - a +2 pair of boots of flying (worn)
Magical Staves
 I - an uncursed staff of power (weapon)
Jewellery
 b - a ring of magical power (right hand)
 G - an uncursed ring of resist corrosion
 H - an uncursed ring of fire
 M - a +4 amulet of reflection (around neck)
 R - the ring "Jucru" (left hand) {+Fly EV+3 Int+3 Dex+3}
   (You acquired it on level 6 of the Lair of Beasts)

   [ring of evasion]

   It affects your evasion (+3).
   It affects your intelligence (+3).
   It affects your dexterity (+3).
   It lets you fly.
 U - a +3 ring of intelligence
 W - an uncursed ring of sustain attributes
Wands
 j - a wand of acid (3/15)
 D - a wand of iceblast (4/15)
 F - a wand of disintegration (11/24)
 J - a wand of lightning (3/15)
 L - a wand of digging (16/24)
 N - a wand of slowing (22/48)
 T - a wand of flame (4/48)
 Y - a wand of hasting (2/9)
Scrolls
 c - 7 scrolls of recharging
 i - 14 scrolls of remove curse
 l - 2 scrolls of magic mapping
 o - 4 scrolls of fog
 A - 17 scrolls of identify
 C - 8 scrolls of teleportation
 Q - a scroll of summoning
 S - 3 scrolls of fear
Potions
 d - 7 potions of curing
 f - 4 potions of might
 g - 3 potions of haste
 k - 2 potions of brilliance
 r - 2 potions of invisibility
 s - a potion of cancellation
 t - 4 potions of agility
 w - 21 potions of blood
 P - a potion of cure mutation
Books
 q - the Volume of Execration and the Birds
   (You found it in a labyrinth)

   Spells                             Type                      Level
   a - Swiftness                      Charms/Air                   2
   b - Airstrike                      Air                          4
   c - Poisonous Cloud                Conjuration/Poison/Air       6
   d - Discord                        Hexes                        8
 x - a manual of Stealth
 K - a book of Misfortune

   Spells                             Type                      Level
   a - Confusing Touch                Hexes                        2
   b - Confuse                        Hexes                        3
   c - Gell's Gravitas                Hexes/Translocation          3
   d - Petrify                        Transmutation/Earth          4
   e - Metabolic Englaciation         Hexes/Ice                    5
   f - Yara's Violent Unravelling     Hexes/Transmutation          5
 O - a book of Alchemy

   Spells                             Type                      Level
   a - Sublimation of Blood           Necromancy                   2
   b - Ignite Poison                  Fire/Transmutation/Poison    3
   c - Petrify                        Transmutation/Earth          4
   d - Alistair's Intoxication        Transmutation/Poison         5
   e - Irradiate                      Conjuration/Transmutation    5


   Skills:
 + Level 4.7 Short Blades
 - Level 2.6 Staves
 - Level 4.0 Armour
 - Level 5.5 Dodging
 + Level 18.3 Stealth
 - Level 4.0 Shields
 * Level 12.4 Spellcasting
 * Level 11.5 Conjurations
 + Level 4.6 Charms
 - Level 3.0 Translocations
 * Level 15.3 Fire Magic
 - Level 11.6 Ice Magic
 - Level 3.0 Air Magic
 + Level 9.1 Earth Magic
 - Level 2.4 Evocations


You had 6 spell levels left.
You knew the following spells:

 Your Spells              Type           Power        Failure   Level  Hunger
a - Flame Tongue          Conj/Fire      #####        0%          1    None
b - Bolt of Cold          Conj/Ice       ######....   2%          6    #####..
c - Conjure Flame         Conj/Fire      ######..     1%          3    None
d - Sticky Flame          Conj/Fire      ######..     1%          4    None
e - Fireball              Conj/Fire      ######....   1%          5    ###....
f - Freeze                Ice            ####         1%          1    None
g - Repel Missiles        Chrm/Air       #####.       1%          2    None
h - Stone Arrow           Conj/Erth      ######       1%          3    None
i - Mephitic Cloud        Conj/Pois/Air  #####...     1%          3    None
j - Bolt of Magma         Conj/Fire/Erth ######....   1%          5    ###....
k - Blink                 Tloc           N/A          1%          2    None


Dungeon Overview and Level Annotations

Branches:
Dungeon (15/15)            Temple (1/1) D:6            Lair (8/8) D:8
  Swamp (4/4) Lair:5        Snake (4/4) Lair:6        Slime (0/6) Lair:7
    Orc (2/2) D:12            Elf (0/3) Orc:2        Vaults (0/5) D:13
 Depths (0/5) D:15

Altars:
Ashenzari
Cheibriados
Dithmenos
Elyvilon
Fedhas
Gozag
Hepliaklqana
Kikubaaqudgha
Makhleb
Nemelex Xobeh
Okawaru
Pakellas
Qazlal
Ru
Sif Muna
Trog
Uskayaw
Vehumet
Xom
Yredelemnul
Zin
The Shining One
Beogh
Jiyva

Shops:
D:6 :   Orc:1 (   Orc:2 ===*[

Annotations:
Swamp:4 Mara


Innate Abilities, Weirdness & Mutations

You heal slowly.
You have razor-sharp teeth.
You have supernaturally acute eyesight. (SInv)
You can survive without breathing.
You are partially covered in icy blue scales. (AC +1)
You are partially covered in slimy green scales. (AC +2)


Message History

The black mamba misses you.
You feel yourself speed up. You block the black mamba's attack.
The guardian serpent casts a spell at you.
The bolt of poison hits you! You resist.
* * * LOW HITPOINT WARNING * * *
The bolt of poison hits the black mamba.
The black mamba is poisoned.
The black mamba misses you. The black mamba closely misses you.
You block the guardian serpent's attack.
The guardian serpent hits you but does no damage.
The naga misses you. The naga barely misses you.
The black mamba barely misses you. The black mamba closely misses you.
The guardian serpent hits you but does no damage.
The guardian serpent casts a spell at you.
You feel as though you will be slow longer.
You are very lightly contaminated with residual magic.
You feel better. You block the black mamba's attack. The black mamba bites you!
* * * LOW HITPOINT WARNING * * *
The guardian serpent hits you.
You die...

#.....,,,*,,......##..........N..
#.....,,,****.)....##........))..
......,,#######....%#######.)....
#.....,,#.......[....##.♣.##).)..
*#####,,'......[...[.#.....#..)..
#.,#...♣....<.♣.'..).♣#)....
#.,'............#.....#.....
#..#......NSS...#*.♣.##..†.. **
#..*######.@♣.)##**#*#...... ,**
*...####..?SS.##,,,......... ,,**
**#.#....)...##..,,......... ,,,*
#.'...♣...##...,.......... ,,,*
###......##....,.........|
,..**#*#.......##................
,....#.#.#...###.................
,........#####.......,*........#*
,....#.....N.....#*,,*##..)...#*


You could see 2 guardian serpents, 2 black mambas and a naga.

Vanquished Creatures
  Saint Roka (Snake:3)
  Jorgrun (Swamp:3)
  Kirke (Snake:1)
  Roxanne (Swamp:2)
  8 greater nagas
  Aizul (Snake:4)
  3 ghouls (D:14)
  A very ugly thing (Swamp:3)
  A stone giant (Orc:1)
  A dire elephant (Lair:8)
  Snorg (Lair:5)
  Josephine (Swamp:1)
  A yaktaur captain (D:10)
  A minotaur (Lab)
  12 hydras
  7 naga warriors
  A ghost crab (Swamp:2)
  9 anacondas
  2 centaur warriors (D:15)
  2 catoblepae
  2 death knights
  An anaconda (shapeshifter) (D:15)
  3 alligators (Swamp:3)
  A dancing weapon (Volcano)
  4 death yaks (Lair:8)
  A deep troll shaman (Lair:8)
  Erica (D:8)
  2 tengu warriors (D:15)
  11 naga sharpshooters
  8 spriggans
  Nergalle (D:12)
  7 shock serpents
  Sonja (Lair:4)
  5 orc high priests
  6 skeletal warriors
  A salamander mystic (Snake:3)
  2 wizards
  8 unseen horrors
  A swamp dragon (shapeshifter) (D:15)
  6 hill giants
  7 naga ritualists
  11 swamp dragons
  2 spriggan druids
  5 orc knights (Orc:2)
  A lindwurm (D:13)
  A phantasmal warrior (D:12)
  18 ugly things
  Pikel (D:9)
  A wolf spider zombie (D:14)
  3 griffons
  2 hornets (shapeshifter)
  5 orc sorcerers
  9 mana vipers
  3 cyclopes
  A hornet (Swamp:3)
  6 salamanders
  A manticore (D:14)
  10 elephants
  8 centaur zombies
  42 black mambas
  4 toenail golems (Volcano)
  2 torpor snails
  7 guardian serpents
  3 ice statues (IceCv)
  19 naga magi
  Psyche (D:8)
  3 centaur skeletons (D:15)
  21 spiny frogs
  3 kobold demonologists
  2 rime drakes
  An efreet (D:15)
  10 komodo dragons
  A freezing wraith (D:12)
  6 trolls
  2 giant leeches (Swamp:3)
  Grinder (D:4)
  6 blink frogs
  2 two-headed ogres
  16 slime creatures
  A hornet zombie (D:15)
  4 bog bodies
  A harpy skeleton (D:15)
  3 shadows
  A redback (shapeshifter) (D:15)
  4 wraiths
  A spriggan (shapeshifter) (D:15)
  5 redbacks (Lab)
  5 wyverns
  6 basilisks
  6 humans (Volcano)
  A steam dragon (D:9)
  74 yaks
  14 hippogriffs
  6 hungry ghosts
  A redback simulacrum (D:15)
  4 vampire mosquitoes
  3 mottled dragons
  3 wargs
  47 nagas
  A naga (shapeshifter) (D:15)
  Edmund (D:4)
  12 swamp worms
  4 insubstantial wisps (Swamp:1)
  2 soldier ants (D:9)
  16 water moccasins
  11 swamp drakes
  10 porcupines
  29 orc warriors
  9 wasps
  15 ice beasts
  4 phantoms
  2 eyes of draining
  4 sky beasts
  4 black bears
  3 necrophages
  19 wolves
  6 boggarts (D:15)
  8 ogres
  8 centaurs
  20 crocodiles
  5 big kobolds
  19 giant frogs
  A wyvern zombie (D:14)
  A wyvern skeleton (D:14)
  A water moccasin zombie (D:8)
  3 scorpions
  21 killer bees
  14 wights
  5 electric eels
  7 howler monkeys
  8 crimson imps
  6 hounds
  A jelly (D:10)
  19 orc priests
  3 giant frog zombies
  2 giant frog skeletons
  5 iguanas
  19 orc wizards
  8 worker ants
  39 sheep
  A hound zombie (D:8)
  A hound skeleton (D:11)
  A mummy (D:14)
  A worker ant zombie (D:6)
  Robin (D:2)
  4 gnolls (D:7)
  A howler monkey skeleton (D:11)
  10 adders
  33 river rats
  3 shadow imps
  2 oozes
  2 adder zombies
  3 worms
  2 dart slugs (D:2)
  9 giant geckos
  94 orcs
  6 giant cockroaches
  16 goblins
  10 hobgoblins
  10 jackals
  6 quokkas
  2 ball pythons
  10 bats
  2 giant gecko skeletons (D:8)
  7 giant newts
  32 kobolds
  8 rats
  9 fungi
  A plant (Lair:8)
  A withered plant (D:14)
1228 creatures vanquished.

Vanquished Creatures (others)
  A centaur warrior (D:15)
  2 naga sharpshooters
  3 humans (Snake:1)
  A naga (Snake:1)
  An orc warrior (Orc:2)
  4 slaves (D:9)
  A centaur (D:9)
  4 howler monkeys (D:9)
  An orc wizard (D:9)
  An orc (Orc:2)
  29 fungi
  33 plants
  A withered plant (D:14)
82 creatures vanquished.

Grand Total: 1310 creatures vanquished

Notes
Turn   | Place    | Note
--------------------------------------------------------------
     0 | D:1      | AlphabetPasta the Vampire Fire Elementalist began the quest for the Orb.
     0 | D:1      | Reached XP level 1. HP: 13/13 MP: 3/3
   271 | D:1      | Reached XP level 2. HP: 18/19 MP: 1/5
   275 | D:1      | Learned a level 2 spell: Throw Flame
   727 | D:2      | Reached skill level 1 in Conjurations
   910 | D:2      | Noticed Robin
   987 | D:2      | Killed Robin
   987 | D:2      | Reached XP level 3. HP: 21/24 MP: 0/6
  1086 | D:2      | Got a translucent helmet
  1097 | D:2      | Identified the +0 helmet of Merchawis {Str+5 Stlth+} (You took it off Robin on level 2 of the Dungeon)
  1118 | D:2      | Learned a level 3 spell: Conjure Flame
  1552 | D:2      | Reached XP level 4. HP: 27/30 MP: 0/7
  2269 | D:3      | Found a shimmering altar of Xom.
  2490 | D:3      | Noticed a giant frog
  2501 | D:3      | Killed a giant frog
  2501 | D:3      | Reached XP level 5. HP: 25/35 MP: 0/9
  2721 | D:3      | Found a bloodstained altar of Trog.
  2998 | D:3      | Found a snail-covered altar of Cheibriados.
  3188 | D:4      | Learned a level 3 spell: Conjure Flame
  3237 | D:4      | Reached XP level 6. HP: 31/41 MP: 2/10
  3244 | D:4      | Learned a level 4 spell: Sticky Flame
  3393 | D:4      | Noticed Edmund
  3410 | D:4      | Found a burning altar of Makhleb.
  3482 | D:4      | Found a glowing golden altar of the Shining One.
  4225 | D:4      | Noticed Grinder
  4235 | D:4      | Paralysed by Grinder for 3 turns
  4240 | D:4      | Killed Grinder
  4240 | D:4      | Reached XP level 7. HP: 33/46 MP: 1/12
  4573 | D:4      | Reached skill level 5 in Fire Magic
  4644 | D:4      | Killed Edmund
  4644 | D:4      | Reached skill level 5 in Dodging
  4913 | D:5      | Entered Level 5 of the Dungeon
  5050 | D:5      | Found a stormy altar of Qazlal.
  5101 | D:5      | Found a glowing drain.
  5155 | Sewer    | Entered a sewer
  5310 | Sewer    | Reached XP level 8. HP: 47/52 MP: 12/14
  5537 | Sewer    | Learned a level 5 spell: Fireball
  6000 | D:5      | Found an ancient bone altar of Kikubaaqudgha.
  6123 | D:6      | Reached skill level 1 in Short Blades
  6524 | D:6      | Found Arphuc's Book Boutique.
  6793 | D:6      | Found a staircase to the Ecumenical Temple.
  6804 | Temple   | Entered the Ecumenical Temple
  6832 | Temple   | Became a worshipper of Vehumet
  7051 | D:6      | Reached skill level 1 in Evocations
  7703 | D:7      | Found a shattered altar of Ashenzari.
  7940 | D:7      | Got a twisted leather armour
  7951 | D:7      | Identified the +4 leather armour of the Bells {rElec} (You found it on level 7 of the Dungeon)
  7966 | D:7      | Reached skill level 5 in Spellcasting
  7966 | D:7      | Reached XP level 9. HP: 43/57 MP: 7/16
  8100 | D:7      | Noticed an unseen horror
  8110 | D:7      | Killed an unseen horror
  8110 | D:7      | Reached skill level 1 in Armour
  8438 | D:7      | Found a sacrificial altar of Ru.
  8455 | D:7      | Reached * piety under Vehumet
  8455 | D:7      | Offered knowledge of Freeze by Vehumet.
  8618 | D:7      | Learned a level 1 spell: Freeze
  8742 | D:7      | Reached skill level 1 in Ice Magic
  9391 | D:8      | Found a blossoming altar of Fedhas.
  9439 | D:8      | Noticed Erica
  9472 | D:8      | Killed Erica
  9472 | D:8      | Reached XP level 10. HP: 34/63 MP: 0/19
  9670 | D:8      | Found a glowing silver altar of Zin.
  9762 | D:8      | Found a shadowy altar of Dithmenos.
  9764 | D:8      | Noticed Psyche
  9779 | D:8      | Killed Psyche
 10114 | D:8      | Found a staircase to the Lair.
 10611 | D:9      | Reached skill level 5 in Conjurations
 10676 | D:9      | Reached ** piety under Vehumet
 10760 | D:9      | Noticed Pikel
 10778 | D:9      | Offered knowledge of Sting by Vehumet.
 10956 | D:9      | Killed Pikel
 10978 | D:9      | HP: 2/63 [yak (14)]
 11875 | D:9      | Found a hazy altar of Hepliaklqana.
 12751 | D:9      | Found a hide-covered altar to Ukayaw.
 13066 | D:9      | Reached XP level 11. HP: 49/68 MP: 13/21
 13109 | D:9      | Upgraded the game from 0.19-a0-373-g328f2f0 to 0.19-a0-379-ge33ada3
 13110 | D:10     | Entered Level 10 of the Dungeon
 13328 | D:10     | Offered knowledge of Throw Frost by Vehumet.
 13852 | D:10     | Noticed a yaktaur captain
 13869 | D:10     | Killed a yaktaur captain
 14432 | D:11     | Noticed a hill giant
 14438 | D:11     | Killed a hill giant
 14438 | D:11     | Reached skill level 1 in Staves
 14438 | D:11     | Reached skill level 5 in Ice Magic
 14555 | D:11     | You fall through a shaft!
 14565 | D:12     | Noticed an unseen horror
 14574 | D:12     | Killed an unseen horror
 14578 | D:12     | Learned a level 2 spell: Repel Missiles
 14679 | D:12     | Reached *** piety under Vehumet
 14750 | D:12     | Noticed a brown ugly thing
 14753 | D:12     | Noticed a hill giant
 14778 | D:12     | Gained mutation: You are partially covered in slimy green scales. (AC +2) [potion of beneficial mutation]
 14779 | D:12     | Gained mutation: You are partially covered in icy blue scales. (AC +1) [potion of beneficial mutation]
 14853 | D:12     | Killed a brown ugly thing
 15370 | D:11     | Offered knowledge of Ignite Poison by Vehumet.
 15411 | D:11     | Found a sparkling altar of Nemelex Xobeh.
 15899 | D:11     | Noticed an unseen horror
 15904 | D:11     | Killed an unseen horror
 15973 | D:11     | Noticed a red ugly thing
 15990 | D:11     | Killed a red ugly thing
 15990 | D:11     | Reached skill level 10 in Fire Magic
 16780 | D:11     | Noticed a hill giant
 16832 | D:11     | Killed a hill giant
 17485 | D:11     | Reached XP level 12. HP: 74/74 MP: 15/24
 17493 | D:11     | Reached **** piety under Vehumet
 17775 | D:12     | Offered knowledge of Stone Arrow by Vehumet.
 17784 | D:12     | Learned a level 3 spell: Stone Arrow
 17948 | D:12     | Found a roughly hewn altar of Beogh.
 17948 | D:12     | Found a staircase to the Orcish Mines.
 18001 | D:12     | Noticed a death knight
 18021 | D:12     | Killed a death knight
 18803 | Lair:1   | Entered Level 1 of the Lair of Beasts
 19783 | Lair:1   | Reached skill level 1 in Charms
 19862 | Lair:2   | Found a dark tunnel.
 19869 | Volcano  | Entered a volcano
 20069 | Volcano  | Reached skill level 1 in Air Magic
 21122 | Lair:2   | Reached skill level 1 in Earth Magic
 23455 | Lair:4   | Noticed Sonja
 23456 | Lair:4   | Killed Sonja
 23456 | Lair:4   | Reached XP level 13. HP: 50/79 MP: 19/26
 23867 | Lair:5   | Noticed Snorg
 23875 | Lair:5   | Killed Snorg
 24685 | Lair:5   | Reached ***** piety under Vehumet
 24685 | Lair:5   | Offered knowledge of Airstrike by Vehumet.
 24715 | Lair:5   | Found a staircase to the Swamp.
 24743 | Lair:5   | Learned a level 3 spell: Mephitic Cloud
 24755 | Lair:5   | Got a transparent robe
 24756 | Lair:5   | Identified the +2 robe of the Peasants {rN+ Dex+4} (You found it on level 5 of the Lair of Beasts)
 25440 | Lair:6   | Found a labyrinth entrance.
 25524 | Lair:6   | Upgraded the game from 0.19-a0-379-ge33ada3 to 0.19-a0-390-g50c6034
 25525 | Lab      | Entered a labyrinth
 26210 | Lab      | Noticed a minotaur
 26216 | Lab      | Killed a minotaur
 26270 | Lab      | Identified the Volume of Execration and the Birds
 26306 | Lair:6   | Found a staircase to the Snake Pit.
 27167 | Lair:6   | Identified a scroll of acquirement
 27168 | Lair:6   | Got a slimy glass ring
 27171 | Lair:6   | Identified the ring "Jucru" {+Fly EV+3 Int+3 Dex+3} (You acquired it on level 6 of the Lair of Beasts)
 27657 | Lair:6   | Reached skill level 4 in Stealth
 27846 | Lair:6   | Reached skill level 1 in Shields
 28104 | Lair:7   | Reached skill level 5 in Stealth
 28730 | Lair:7   | Offered knowledge of Bolt of Magma by Vehumet.
 28737 | Lair:7   | Learned a level 5 spell: Bolt of Magma
 28962 | Lair:7   | Reached XP level 14. HP: 85/85 MP: 27/27
 29452 | Lair:7   | Found a staircase to the Slime Pits.
 29453 | Lair:7   | Found a viscous altar of Jiyva.
 29465 | Lair:7   | Reached skill level 6 in Stealth
 30100 | Lair:8   | Entered Level 8 of the Lair of Beasts
 30586 | Lair:8   | Reached skill level 7 in Stealth
 30588 | Lair:8   | Reached skill level 10 in Spellcasting
 30876 | Lair:8   | Offered knowledge of Delayed Fireball by Vehumet.
 31461 | Lair:8   | Reached skill level 8 in Stealth
 31464 | Lair:8   | Upgraded the game from 0.19-a0-390-g50c6034 to 0.19-a0-395-g926a882
 31986 | Lair:8   | Reached skill level 9 in Stealth
 32410 | D:12     | Reached skill level 5 in Earth Magic
 33033 | D:12     | Noticed Nergalle
 33038 | D:12     | Killed Nergalle
 33038 | D:12     | Offered knowledge of Bolt of Cold by Vehumet.
 33378 | Lair:2   | Learned a level 6 spell: Bolt of Cold
 33608 | D:12     | Upgraded the game from 0.19-a0-395-g926a882 to 0.19-a0-396-g40ddb07
 33609 | Orc:1    | Entered Level 1 of the Orcish Mines
 33661 | Orc:1    | Found Poak's Antique Weapon Shop.
 33740 | Orc:1    | Noticed a stone giant
 33746 | Orc:1    | Killed a stone giant
 34012 | Orc:2    | Entered Level 2 of the Orcish Mines
 34038 | Orc:1    | You fall through a shaft!
 34038 | Orc:2    | Found Zanteip's Jewellery Shoppe.
 34043 | Orc:2    | Found a staircase to the Elven Halls.
 34178 | Orc:2    | Found a frozen archway.
 34179 | Orc:2    | Reached skill level 10 in Stealth
 34235 | IceCv    | Entered an ice cave
 34238 | IceCv    | Reached XP level 15. HP: 62/90 MP: 29/29
 35523 | Orc:2    | Offered knowledge of Freezing Cloud by Vehumet.
 36021 | Orc:2    | Found Malet's Jewellery Emporium.
 36021 | Orc:2    | Found Loisi's Antique Armour Shop.
 36023 | Orc:2    | Found Citin's Jewellery Emporium.
 36023 | Orc:2    | Found Rathreole's General Store.
 36053 | Orc:2    | Bought a pair of glowing boots for 94 gold pieces
 36305 | Orc:2    | Upgraded the game from 0.19-a0-396-g40ddb07 to 0.19-a0-409-ge8b6bdc
 36600 | Swamp:1  | Entered Level 1 of the Swamp
 36602 | Swamp:1  | Reached skill level 10 in Ice Magic
 36736 | Swamp:1  | Reached skill level 11 in Stealth
 37095 | Swamp:1  | Noticed Josephine
 37100 | Swamp:1  | Killed Josephine
 38344 | Swamp:2  | Reached skill level 12 in Stealth
 38553 | Swamp:2  | Noticed Roxanne
 38817 | Swamp:2  | Killed Roxanne
 38824 | Swamp:2  | Identified Roxanne's Collected Works on the Rocks (You took it off Roxanne on level 2 of the Swamp)
 38886 | Swamp:2  | Upgraded the game from 0.19-a0-409-ge8b6bdc to 0.19-a0-412-gd94e72f
 39028 | Swamp:2  | Offered knowledge of Iron Shot by Vehumet.
 40076 | Swamp:3  | Noticed Jorgrun
 40082 | Swamp:3  | Killed Jorgrun
 40082 | Swamp:3  | Reached skill level 13 in Stealth
 40377 | Swamp:4  | Entered Level 4 of the Swamp
 40381 | Swamp:4  | Reached XP level 16. HP: 96/96 MP: 31/31
 40762 | Swamp:4  | Upgraded the game from 0.19-a0-412-gd94e72f to 0.19-a0-413-g54f5191
 40762 | Swamp:4  | Upgraded the game from 0.19-a0-413-g54f5191 to 0.19-a0-414-g76fec5b
 40778 | Swamp:4  | Noticed Mara
 40780 | Swamp:4  | Noticed AlphabetPasta's illusion
 40918 | Snake:1  | Entered Level 1 of the Snake Pit
 41325 | Snake:1  | Reached skill level 10 in Conjurations
 41716 | Snake:1  | Reached skill level 14 in Stealth
 41921 | Snake:1  | Noticed Kirke
 41926 | Snake:1  | Killed Kirke
 44146 | Snake:2  | Found a hazy altar of Hepliaklqana.
 44509 | Snake:2  | Offered knowledge of Orb of Destruction by Vehumet.
 45421 | Snake:3  | Reached skill level 15 in Stealth
 46645 | Snake:3  | Reached XP level 17. HP: 101/101 MP: 32/32
 46702 | Snake:4  | Entered Level 4 of the Snake Pit
 46711 | Snake:4  | Noticed Aizul
 47531 | Snake:4  | Killed Aizul
 47782 | Snake:3  | HP: 5/101 [greater naga/bolt of poison (10)]
 48276 | Snake:3  | Reached skill level 16 in Stealth
 48503 | Snake:3  | Reached ****** piety under Vehumet
 48601 | Snake:3  | Offered knowledge of Lehudib's Crystal Spear by Vehumet.
 48601 | Snake:3  | Offered knowledge of Shatter by Vehumet.
 48601 | Snake:3  | Offered knowledge of Tornado by Vehumet.
 48767 | Snake:4  | Noticed Saint Roka
 49271 | Snake:3  | Killed Saint Roka
 49271 | Snake:3  | Reached skill level 15 in Fire Magic
 49738 | Snake:3  | Upgraded the game from 0.19-a0-414-g76fec5b to 0.19-a0-435-g9f673c4
 49914 | Lair:5   | Learned a level 2 spell: Blink
 50761 | D:13     | Reached skill level 1 in Translocations
 51383 | D:13     | Found a gate to the Vaults.
 52453 | D:14     | Reached skill level 17 in Stealth
 53522 | D:15     | Entered Level 15 of the Dungeon
 53728 | D:15     | Reached XP level 18. HP: 80/107 MP: 22/34
 54612 | D:15     | Reached skill level 18 in Stealth
 55046 | D:15     | Found a staircase to the Depths.
 55948 | Snake:4  | HP: 4/107 [guardian serpent/bolt of poison (10)]
 55949 | Snake:4  | Slain by a guardian serpent

Vault maps used:
D:1:      minmay_arrival_three_doors, minmay_gold_behind_fungi
D:2:      minmay_curled_crystal, uniq_robin
D:3:      minmay_door_path, lightli_temple_of_fire,
          lemuel_coloured_pillars_altar, xom_teletrap_fun
D:4:      lemuel_doored_altar, bloody_makhleb, item_on_display_b, uniq_grinder,
          uniq_edmund
D:5:      nicolae_qazlal_general_emergency, kiku_gazebo_pond_becter,
          first_bread, portal_sewer_entry_d
D:6:      minmay_temple_entry_statues_pillars, serial_shops, shop
D:7:      nicolae_overflow_hidden_temple, nicolae_ru_awakened_eye
D:8:      nicolae_overflow_crystal_walls, kennysheep_mini_moat, zin_academy,
          david_lair_shrubbed, uniq_erica, uniq_psyche
D:9:      kennysheep_mini, marbit_many_paths, hangedman_pestilent_swarm,
          corner_web_ring, uniq_pikel
D:10:     kennysheep_just_a_vault
D:11:     corexii_corridor_pit, nemelex_diamond_rough_becter
D:12:     david_orc_5, uniq_nergalle
D:13:     david_vaults_4
D:14:     serial_undead, serial_undead_f, serial_undead_d, serial_undead_a,
          serial_undead_b, serial_undead_c, hangedman_decor_slide_cut,
          minmay_misc_feat_alley
D:15:     gammafunk_enter_depths_forms, kennysheep_kite_vault
Temple:   circular_temple_pool_8
Lair:1:   serial_forest, infiniplex_forest_clump_tiny,
          infiniplex_forest_clump_long, infiniplex_forest_clump_medium,
          infiniplex_forest_clump_small, infiniplex_forest_clump_long,
          serial_bayou_shore_a
Lair:2:   enter_volcano_1, infiniplex_staircase_pool_2
Lair:4:   uniq_sonja
Lair:5:   minmay_swamp_entry_eels, uniq_snorg
Lair:6:   minmay_snake_entry_guardpost_large, lab_entry_generic,
          beast_lair_carwin_7
Lair:7:   slime_altar_1, cheibrodos_lair_caveside_slide
Lair:8:   grunt_lair_end_beastmaster, st_stairs_6
Swamp:1:  evilmike_swamp_ruin_house_5, uniq_josephine
Swamp:2:  hangedman_swamp_pad, swamp_pool2, uniq_roxanne
Swamp:3:  serial_swamp_ruin, evilmike_swamp_ruin_rubble_1,
          hangedman_swamp_ruin_wall, swamp_pool3, uniq_jorgrun
Swamp:4:  swamp_alternative, swamp_pool5, uniq_mara
Snake:1:  st_stairs_3, uniq_kirke
Snake:2:  basic_altar, nicolae_large_snake_swirl
Snake:4:  snake_hunt, grunt_megastairs_3, serial_bayou_shore_b, uniq_aizul,
          uniq_saint_roka
Orc:1:    serial_shops, nicolae_shop_trees
Orc:2:    grunt_orc_tribal_feast, portal_ice_cave_entry_ice_beasts,
          serial_shops, nicolae_shop_temple_entry_statues_fountains
Lab:      nicolae_lab_dead_adventurers, nicolae_lab_very_dead_end,
          nicolae_lab_flowing_pool, nicolae_lab_do_over, nicolae_lab_garden,
          lab_hedge, nicolae_lab_blocks
Sewer:    kennysheep_pipe_town
IceCv:    ice_cave_statue_garden_chambered
Volcano:  volcano_bunker

Skill      XL: |  1  2  3  4  5  6  7  8  9 10 11 12 13 14 15 16 17 18 |
---------------+-------------------------------------------------------+-----
Conjurations   | 1 2 3 4 5 6 7 8 9 10 11 | 11.5
Dodging        | 3 4 5 |  5.5
Fire Magic     | 3 4 5 6 7 9 10 11 12 13 14 15 | 15.3
Spellcasting   | 3 4 5 6 8 9 10 11 12 | 12.4
Short Blades   | 2 3 4 |  4.7
Evocations     | 1 2 |  2.4
Armour         | 2 3 4 |  4.0
Ice Magic      | 2 4 6 7 8 9 10 11 | 11.6
Staves         | 2 |  2.6
Charms         | 1 3 4 |  4.6
Air Magic      | 2 3 |  3.0
Earth Magic    | 2 3 5 6 8 9 |  9.1
Stealth        | 5 10 13 15 17 18 | 18.3
Shields        | 1 4 |  4.0
Translocations | 3 |  3.0

Action                   |  1- 3 |  4- 6 |  7- 9 | 10-12 | 13-15 | 16-18 || total
-------------------------+-------+-------+-------+-------+-------+-------++-------
Melee: Unarmed           |    82 |       |       |       |       |       ||    82
       Bite              |    11 |     7 |     6 |     5 |    22 |     1 ||    52
       Short sword       |       |    46 |    67 |    23 |       |       ||   136
       Staff             |       |       |       |    12 |    92 |    14 ||   118
 Cast: Flame Tongue      |    60 |    88 |   214 |   343 |   230 |    27 ||   962
       Throw Flame       |     2 |    10 |    24 |   118 |    56 |       ||   210
       Sticky Flame      |       |     2 |    16 |   103 |    35 |    11 ||   167
       Freeze            |       |       |       |    48 |     4 |       ||    52
       Fireball          |       |       |       |    92 |   220 |   185 ||   497
       Repel Missiles    |       |       |       |     1 |     2 |     6 ||     9
       Stone Arrow       |       |       |       |    38 |   110 |    20 ||   168
       Conjure Flame     |       |       |       |       |     2 |       ||     2
       Bolt of Magma     |       |       |       |       |   210 |   350 ||   560
       Bolt of Cold      |       |       |       |       |    49 |   158 ||   207
       Blink             |       |       |       |       |       |     1 ||     1
 Abil: End Transformatio |       |       |     1 |       |     1 |     3 ||     5
       Bat Form          |       |       |     1 |       |     1 |     3 ||     5
Evoke: Wand              |       |       |     6 |     5 |     4 |     2 ||    17
  Use: Scroll            |       |    14 |    11 |    13 |    13 |    13 ||    64
       Potion            |       |     3 |     4 |    15 |     9 |    25 ||    56
 Stab: Sleeping          |     1 |     6 |    17 |     7 |     1 |     8 ||    40
  Eat: Corpse            |     1 |       |     1 |     3 |     1 |       ||     6
Armor: Robe              |    15 |    12 |    13 |     4 |       |       ||    44
       Leather armour    |       |       |    38 |    73 |    36 |    83 ||   230
Dodge: Dodged            |    34 |    45 |   116 |   187 |    79 |   263 ||   724
       Deflected         |       |       |       |       |    13 |    27 ||    40
Block: Other             |       |       |       |    14 |    15 |       ||    29
       Buckler           |       |       |       |       |    10 |   183 ||   193
       Reflection        |       |       |       |       |     2 |    26 ||    28
